 Dungeon Crawl Stone Soup version 0.21.1-1-g345015f (webtiles) character file.

2858 prawnwizard the Magician (level 9, -6/61 HPs)
             Began as an Octopode Wizard on July 3, 2018.
             Was an Initiate of Kikubaaqudgha.
             Mangled by a killer bee (8 damage)
             ... on level 9 of the Dungeon.
             The game lasted 01:03:12 (13480 turns).

prawnwizard the Magician (Octopode Wizard)         Turns: 13480, Time: 01:03:14

Health: -6/61      AC:  2    Str:  6    XL:     9   Next: 75%
Magic:  2/18       EV: 14    Int: 24    God:    Kikubaaqudgha [......]
Gold:   429        SH:  0    Dex: 10    Spells: 8/20 levels left

rFire    . . .     SeeInvis +   r - staff of conjuration
rCold    . . .     Gourm    +   (no shield)
rNeg     + . .     Faith    .   a - +1 hat
rPois    .         Spirit   .   s - amulet of the gourmand
rElec    .         Reflect  .   e - ring of resist corrosion
rCorr    +         Harm     .   h - ring of stealth
MR       .....                  o - ring of see invisible
Stlth    ++++......             A - ring of positive energy (curse)
HPRegen  0.20/turn              (no ring)
MPRegen  0.16/turn              (no ring)
                                (no ring)
                                (no ring)

@: lethally poisoned (-6 -> -40)
A: almost no armour, stealthy swim, amphibious, 8 rings, constrict 8, camouflage
1, gelatinous body 1
a: Renounce Religion


You were on level 9 of the Dungeon.
You worshipped Kikubaaqudgha.
Kikubaaqudgha was noncommittal.
You were completely stuffed.

You visited 2 branches of the dungeon, and saw 10 of its levels.

You collected 429 gold pieces.

Inventory:

Hand Weapons
 f - a +4 vampiric short sword
 u - a +2 whip of venom
 y - a +2 dagger of protection
Armour
 a - a +1 hat (worn)
 q - a +0 shield
 v - the +2 large shield of the True Pharaoh {rC+ Str+2}
   (You found it on level 5 of the Dungeon)

   It affects your strength (+2).
   It protects you from cold.
Magical Staves
 r - an uncursed staff of conjuration (weapon)
Jewellery
 e - a ring of resist corrosion (left tentacle)
 h - a ring of stealth (right tentacle)
 o - a ring of see invisible (on tentacle)
 s - an amulet of the gourmand (around mantle)
 A - a cursed ring of positive energy (on tentacle)
Scrolls
 k - a scroll of enchant armour
 n - a scroll of magic mapping
 p - 3 scrolls of enchant weapon
 t - a scroll of remove curse
 x - a scroll of amnesia {unknown}
Potions
 d - a potion of curing
 g - a potion of cancellation
 j - a potion of brilliance
 l - a potion of mutation
 m - a potion of lignification {unknown}
 w - 3 potions of flight {unknown}
 B - a potion of might {unknown}
Books
 b - a book of Minor Magic

   Spells                             Type                      Level
   a - Magic Dart                     Conjuration                  1
   b - Blink                          Translocation                2
   c - Call Imp                       Summoning                    2
   d - Slow                           Hexes                        2
   e - Conjure Flame                  Conjuration/Fire             3
   f - Mephitic Cloud                 Conjuration/Poison/Air       3
 i - a book of Cantrips

   Spells                             Type                      Level
   a - Confusing Touch                Hexes                        1
   b - Animate Skeleton               Necromancy                   1
   c - Summon Small Mammal            Summoning                    1
   d - Apportation                    Translocation                1
Comestibles
 c - 21 rations
 z - 3 chunks of flesh


   Skills:
 + Level 5.1 Fighting
 - Level 0.2 Short Blades
 + Level 3.9 Dodging
 - Level 2.8 Stealth
 - Level 3.4 Shields
 + Level 6.2 Spellcasting
 - Level 5.2 Conjurations
 - Level 2.0 Summonings
 * Level 5.8 Necromancy
 - Level 3.4 Translocations
 - Level 1.2 Poison Magic


You had 8 spell levels left.
You knew the following spells:

 Your Spells              Type           Power        Failure   Level  Hunger
a - Magic Dart            Conj           ####         1%          1    None
b - Call Imp              Summ           ###.....     4%          2    None
c - Blink                 Tloc           N/A          3%          2    None
d - Mephitic Cloud        Conj/Pois/Air  ####....     10%         3    None
e - Conjure Flame         Conj/Fire      ####....     8%          3    None
f - Animate Skeleton      Necr           N/A          1%          1    None


Dungeon Overview and Level Annotations

Branches:
Dungeon (9/15)             Temple (1/1) D:6
   Lair: D:8-11         Orc: D:9-12

Altars:
Ashenzari
Cheibriados
Dithmenos
Elyvilon
Fedhas
Gozag
Hepliaklqana
Kikubaaqudgha
Makhleb
Nemelex Xobeh
Okawaru
Qazlal
Ru
Sif Muna
Trog
Uskayaw
Vehumet
Wu Jian
Xom
Yredelemnul
Zin
The Shining One

Annotations:
D:3 mistaj's ghost, amateur HaFi
D:4 Eustachio


Innate Abilities, Weirdness & Mutations

You cannot wear most types of armour.
You are very stealthy in the water. (Stealth+)
You are amphibious.
You can wear up to eight rings at the same time.
You can use your tentacles to constrict eight enemies at once.
Your skin changes colour to match your surroundings (Stealth+).
Your rubbery body absorbs attacks. (AC +1, EV +1)


Message History

You continue putting on the +2 large shield of the True Pharaoh {rC+ Str+2}.
* * * LOW HITPOINT WARNING * * *
You feel sick. The killer bee stings you.
* * * LOW HITPOINT WARNING * * *
You are more poisoned.
The killer bee poisons you! The killer bee barely misses you.
The killer bee completely misses you. The killer bee misses you.
You continue putting on the +2 large shield of the True Pharaoh {rC+ Str+2}.
* * * LOW HITPOINT WARNING * * *
You feel very sick. The killer bee closely misses you. x2
The killer bee stings you but does no damage.
You continue putting on the +2 large shield of the True Pharaoh {rC+ Str+2}.
* * * LOW HITPOINT WARNING * * *
You feel sick. The killer bee stings you.
* * * LOW HITPOINT WARNING * * *
You are more poisoned.
The killer bee poisons you! The killer bee stings you!
You die...
Kikubaaqudgha rasps: "You have failed me!
Welcome... death!"

#...#
#...#
#...#
#...#
#...# # .
#...##..#
..
#.......#
#.
#@y.....#
#..
#yy###[.#
#...#..#
#......#
#.....<#
#......#
##.....#
#.....#
#.....#


You could see 3 killer bees.

Vanquished Creatures
  Pikel (D:5)
  A hungry ghost (D:8)
  A water moccasin (D:8)
  An ice beast (D:5)
  A black bear (D:7)
  A sky beast (D:7)
  2 ogres
  A phantom (D:6)
  A bullfrog (D:8)
  A gnoll sergeant (D:6)
  A killer bee (D:8)
  3 wights (D:7)
  A howler monkey (D:4)
  4 crimson imps
  6 orc priests
  4 hounds
  2 jellies
  4 orc wizards
  A bullfrog zombie (D:8)
  A centaur skeleton (D:2)
  2 iguanas
  2 worker ants
  A killer bee zombie (D:4)
  2 gnolls (D:6)
  7 adders
  An ooze (D:1)
  2 worms
  An adder skeleton (D:5)
  2 dart slugs (D:1)
  3 leopard geckos
  19 orcs
  3 ball pythons
  6 bats
  3 giant cockroaches (D:2)
  2 hobgoblins
  7 jackals
  7 frilled lizards
  5 goblins
  7 kobolds
  A leopard gecko zombie (D:5)
  A quokka skeleton (D:4)
  2 rats
124 creatures vanquished.

Vanquished Creatures (collateral kills)
  A spriggan (D:7)
  A hippogriff (D:7)
  A water moccasin (D:8)
  An orc warrior (D:7)
  An ice beast (D:7)
  An ogre (D:7)
  A crocodile (D:8)
  An iguana (D:4)
  A jelly (D:6)
  An orc wizard (D:6)
  A worker ant (D:8)
  A gnoll (D:6)
  4 orcs
  A jackal (D:5)
  A ball python (D:8)
18 creatures vanquished.

Vanquished Creatures (others)
  An orc (D:6)
1 creature vanquished.

Grand Total: 143 creatures vanquished

Notes
Turn   | Place    | Note
-------+----------+-------------------------------------------
     0 | D:1      | prawnwizard the Octopode Wizard began the quest for the Orb.
     0 | D:1      | Reached XP level 1. HP: 11/11 MP: 4/4
   533 | D:1      | Reached XP level 2. HP: 9/17 MP: 0/6
   759 | D:1      | Learned a level 2 spell: Call Imp
   762 | D:1      | Learned a level 2 spell: Blink
  1123 | D:1      | Reached XP level 3. HP: 21/21 MP: 5/7
  1701 | D:2      | Reached XP level 4. HP: 20/27 MP: 1/9
  1915 | D:2      | Reached skill level 1 in Fighting
  2237 | D:2      | Reached XP level 5. HP: 33/33 MP: 0/10
  2750 | D:2      | Learned a level 3 spell: Mephitic Cloud
  2754 | D:2      | Learned a level 3 spell: Conjure Flame
  3228 | D:3      | Found a glowing silver altar of Zin.
  3477 | D:3      | Noticed mistaj's ghost (amateur HaFi)
  3675 | D:3      | You fall through a shaft for 3 floors!
  3709 | D:6      | Found an opulent altar of Gozag.
  3735 | D:5      | Entered Level 5 of the Dungeon
  3755 | D:5      | Found a white marble altar of Elyvilon.
  3811 | D:5      | Reached XP level 6. HP: 31/39 MP: 1/11
  3908 | D:5      | Noticed an ice beast
  3969 | D:5      | Reached skill level 1 in Shields
  4499 | D:4      | Reached skill level 4 in Spellcasting
  4499 | D:4      | Reached skill level 1 in Poison Magic
  4912 | D:4      | Found an ornate altar of the Wu Jian Council.
  4937 | D:4      | Reached XP level 7. HP: 45/45 MP: 7/13
  4980 | D:4      | Found a shattered altar of Ashenzari.
  5146 | D:4      | Found a basalt altar of Yredelemnul.
  5202 | D:4      | Noticed Eustachio
  6360 | D:5      | Found a shadowy altar of Dithmenos.
  6431 | D:5      | Got a distressingly furry large shield
  6442 | D:5      | Identified the +2 large shield of the True Pharaoh {rC+ Str+2} (You found it on level 5 of the Dungeon)
  6669 | D:5      | Found a sacrificial altar of Ru.
  6715 | D:5      | Noticed Pikel
  6971 | D:5      | Killed Pikel
  6971 | D:5      | Reached XP level 8. HP: 48/52 MP: 1/14
  7096 | D:5      | Reached skill level 5 in Conjurations
  7955 | D:6      | Found a hide-covered altar of Uskayaw.
  8026 | D:6      | Found a staircase to the Ecumenical Temple.
  8045 | Temple   | Entered the Ecumenical Temple
  8086 | Temple   | Became a worshipper of Kikubaaqudgha
  8089 | Temple   | Learned a level 1 spell: Animate Skeleton
  8570 | D:6      | Found a burning altar of Makhleb.
  8690 | D:6      | Reached skill level 1 in Necromancy
  9278 | D:6      | Found a blossoming altar of Fedhas.
  9314 | D:7      | Reached skill level 5 in Spellcasting
  9491 | D:7      | Noticed a hippogriff
  9797 | D:7      | Killed a hippogriff
 10032 | D:7      | Noticed a hippogriff
 10040 | D:7      | Reached XP level 9. HP: 58/58 MP: 6/17
 11064 | D:7      | Found a hazy altar of Hepliaklqana.
 11113 | D:7      | Found a sparkling altar of Nemelex Xobeh.
 12312 | D:8      | Reached skill level 5 in Necromancy
 12496 | D:8      | Reached skill level 6 in Spellcasting
 13287 | D:8      | Reached skill level 5 in Fighting
 13480 | D:9      | HP: 3/61 [poisoned by a killer bee]
 13480 | D:9      | Mangled by a killer bee

Skill      XL: |  1  2  3  4  5  6  7  8  9 |
---------------+----------------------------+-----
Conjurations   | 2 3 4 5 |  5.2
Fighting       | 1 2 3 4 5 |  5.1
Summonings     | 2 |  2.0
Translocations | 2 3 |  3.4
Shields        | 1 2 3 |  3.4
Spellcasting   | 4 5 6 |  6.2
Poison Magic   | 1 |  1.2
Necromancy     | 3 5 |  5.8
Dodging        | 3 |  3.9
Short Blades   | |  0.2
Stealth        | |  2.8

Action                   |  1- 3 |  4- 6 |  7- 9 || total
-------------------------+-------+-------+-------++-------
Melee: Unarmed           |     9 |       |       ||     9
       Tentacles         |     8 |     5 |     3 ||    16
       Constrict         |     7 |    15 |    11 ||    33
       Dagger            |    30 |       |       ||    30
       Short sword       |       |    47 |    16 ||    63
       Staff             |       |       |    21 ||    21
 Cast: Magic Dart        |    50 |    96 |   327 ||   473
       Blink             |       |     4 |     7 ||    11
       Call Imp          |       |     3 |    52 ||    55
       Conjure Flame     |       |     1 |     9 ||    10
       Mephitic Cloud    |       |       |     5 ||     5
       Animate Skeleton  |       |       |     4 ||     4
  Use: Scroll            |       |     2 |    12 ||    14
 Stab: Sleeping          |       |     1 |       ||     1
  Eat: Chunk             |     2 |     4 |    35 ||    41
       Ration            |       |     3 |       ||     3
Armor: Skin              |     4 |     1 |    17 ||    22
Dodge: Dodged            |    36 |    33 |   120 ||   189
Block: Shield            |       |     4 |       ||     4
